 Dungeon Crawl Stone Soup version 0.30-b1-2-g02819fbbbe (webtiles) character file.

Game seed: 10215975266768819965

253698 Mesmaeker13 the Convoker (level 18, -4/139 HPs)
             Began as a Demigod Summoner on Aug 8, 2023.
             Killed from afar by a deep elf sorcerer (37 damage)
             ... with damnation
             ... on level 1 of the Elven Halls on Aug 9, 2023.
             The game lasted 02:38:23 (39514 turns).

Mesmaeker13 the Convoker (Demigod Summoner)        Turns: 39514, Time: 02:38:23

Health: -4/139     AC: 11    Str: 17    XL:     18   Next: 31%
Magic:  9/40       EV: 19    Int: 35    God:
Gold:   1469       SH:  6    Dex: 14    Spells: 15/42 levels left

rFire   + . .        u - +10 spear of Huog {heavy, Will+}
rCold   + + .        R - +0 buckler of the Bulwark {+Inv Will+ Str-4 Int+3}
rNeg    . . .        V - +3 leather armour {rC+ rF+}
rPois   +            M - +2 helmet
rElec   .            d - scarf {repulsion}
rCorr   .            C - +2 pair of gloves
SInv    +            D - +0 pair of boots
Will    +++..        Q - amulet of Ihitun {rC+ Regen+ Int+3 SInv}
Stlth   ++           j - +5 ring of evasion
HPRegen 1.23/turn    J - ring of poison resistance
MPRegen 0.27/turn

%: repel missiles
@: corroded, unable to read
A: high MP 1, forlorn, divine attributes, inability to read after injury 1
}: 2/15 runes: serpentine, barnacled
a: Evoke Invisibility


You were on level 1 of the Elven Halls.
You visited 7 branches of the dungeon, and saw 32 of its levels.
You also visited: Ice Cave.

You collected 3947 gold pieces.
You spent 2478 gold pieces at shops.

Inventory:

Hand Weapons
 u - the +10 spear of Huog (weapon) {heavy, Will+}
   (You found it on level 5 of the Lair of Beasts)

   Will:      It increases your willpower.
 K - a +5 demon trident of electrocution
Missiles
 G - 8 curare-tipped darts
 Z - a throwing net
Armour
 d - a scarf of repulsion (worn)
 n - a +2 cloak of cold resistance
 C - a +2 pair of gloves (worn)
 D - a +0 pair of boots (worn)
 H - +0 acid dragon scales
 M - a +2 helmet (worn)
 R - the +0 buckler of the Bulwark (worn) {+Inv Will+ Str-4 Int+3}
   (You acquired it on level 4 of the Snake Pit)

   Str:       It affects your strength (-4).
   Int:       It affects your intelligence (+3).
   +Inv:      It lets you turn invisible.
   Will:      It increases your willpower.
 V - a +3 leather armour of resistance (worn)
 X - the +8 ice dragon scales of Rakeheng {Rampage rF- rC++ Int+4 Dex-4 SInv}
   (You found it in an ice cave)

   Int:       It affects your intelligence (+4).
   Dex:       It affects your dexterity (-4).
   rF:        It makes you vulnerable to fire.
   rC:        It greatly protects you from cold.
   SInv:      It lets you see invisible.
   Rampage:   It bestows one free step when moving towards enemies.
Jewellery
 a - the ring of Wihau {Fly rElec}
   (You bought it in a shop on level 2 of the Orcish Mines)

   [ring of flight]

   rElec:     It insulates you from electricity.
   Fly:       It grants you flight.
 e - the ring of Raoce Ban {rElec rC++ rN+ Str+3 Dex-2}
   (You found it on level 5 of the Lair of Beasts)

   [ring of positive energy]

   Str:       It affects your strength (+3).
   Dex:       It affects your dexterity (-2).
   rC:        It greatly protects you from cold.
   rElec:     It insulates you from electricity.
   rN:        It protects you from negative energy.
 f - a +6 ring of intelligence
 j - a +5 ring of evasion (left hand)
 w - a ring of protection from fire
 J - a ring of poison resistance (right hand)
 O - a ring of willpower
 Q - the amulet of Ihitun (around neck) {rC+ Regen+ Int+3 SInv}
   (You bought it in a shop on level 3 of the Dungeon)

   [amulet of regeneration]

   Int:       It affects your intelligence (+3).
   rC:        It protects you from cold.
   SInv:      It lets you see invisible.
   Regen:     It increases your rate of health regeneration.
Wands
 I - a wand of digging (3)
Scrolls
 h - 8 scrolls of fog
 i - 2 scrolls of immolation
 k - 2 scrolls of magic mapping
 o - 10 scrolls of teleportation
 F - 2 scrolls of blinking {unknown}
 L - a scroll of torment {unknown}
 P - 2 scrolls of butterflies {unknown}
 T - 8 scrolls of poison
 U - 2 scrolls of brand weapon {unknown}
 W - a scroll of enchant weapon
 Y - a scroll of vulnerability
Potions
 b - 5 potions of magic
 c - 2 potions of cancellation {unknown}
 g - 2 potions of lignification
 l - 3 potions of might
 m - a potion of experience {unknown}
 q - 6 potions of curing
 r - 3 potions of invisibility {unknown}
 t - a potion of heal wounds
 v - a potion of mutation {unknown}
 x - 2 potions of flight
 A - 4 potions of haste
 B - 8 potions of brilliance {unknown}
 E - 8 potions of resistance
 N - 3 potions of degeneration {unknown}
 S - 4 potions of ambrosia {unknown}


   Skills:
 + Level 7.0 Fighting
 - Level 8.6 Polearms
 + Level 8.7 Armour
 - Level 6.1 Dodging
 - Level 1.7 Stealth
 - Level 7.6 Shields
 + Level 12.8 Spellcasting
 - Level 6.0 Hexes
 + Level 17.5 Summonings
 - Level 15.0 Translocations
 - Level 8.0 Air Magic


You had 15 spell levels left.
You knew the following spells:

 Your Spells              Type           Power      Damage    Failure   Level
a - Malign Gateway        Summ/Tloc      47%        N/A       2%          7
b - Summon Hydra          Summ           49%        N/A       1%          7
d - Summon Lightning Spi  Summ/Air       84%        N/A       1%          4
e - Summon Guardian Gole  Hex/Summ       81%        N/A       1%          3
f - Dispersal             Tloc           45%        N/A       1%          6

Your spell library contained the following spells:

 Spells                   Type           Power      Damage    Failure   Level
 Summon Small Mammal      Summ           100%       N/A       0%          1
 Call Imp                 Summ           100%       N/A       0%          2
 Call Canine Familiar     Summ           98%        N/A       0%          3
 Gell's Gravitas          Tloc           91%        N/A       0%          3
 Teleport Other           Tloc           91%        N/A       0%          3
 Shock                    Conj/Air       100%       1d9       1%          1
 Cigotuvi's Dreadful Rot  Necr/Pois/Air  82%        N/A       1%          2
 Portal Projectile        Hex/Tloc       100%       N/A       1%          3
 Tukima's Dance           Hex            60%        N/A       1%          3
 Volatile Blastmotes      Fire/Tloc      100%       2d18      1%          3
 Iskenderun's Mystic Bla  Conj/Tloc      66%        2d14      1%          4
 Beastly Appendage        Tmut           44%        N/A       2%          1
 Foxfire                  Conj/Fire      88%        2x1d8     2%          1
 Magic Dart               Conj           88%        1d7       2%          1
 Sandblast                Erth           44%        2d11      2%          1
 Dazzling Flash           Conj/Hex       86%        N/A       2%          3
 Mephitic Cloud           Conj/Pois/Air  41%        N/A       2%          3
 Cause Fear               Hex            30%        N/A       2%          4
 Passwall                 Tmut/Erth      18%        N/A       4%          2
 Sublimation of Blood     Necr           22%        N/A       4%          2
 Wereblood                Tmut           22%        N/A       4%          2
 Ignite Poison            Fire/Tmut/Pois 22%        N/A       8%          3
 Ozocubu's Armour         Ice            22%        N/A       8%          3
 Spider Form              Tmut/Pois      22%        N/A       8%          3
 Stone Arrow              Conj/Erth      44%        3d9       8%          3
 Anguish                  Hex/Necr       21%        N/A       8%          4
 Summon Horrible Things   Summ           49%        N/A       13%         8
 Metabolic Englaciation   Hex/Ice        21%        N/A       22%         5
 Freezing Cloud           Conj/Ice/Air   20%        6-21      24%         5
 Animate Dead             Necr           22%        N/A       26%         4
 Petrify                  Tmut/Erth      22%        N/A       26%         4
 Sticky Flame             Conj/Fire      22%        2d4       26%         4
 Disjunction              Tloc           45%        N/A       36%         8
 Spellforged Servitor     Conj/Summ      35%        N/A       52%         7
 Alistair's Intoxication  Tmut/Pois      14%        N/A       58%         5
 Blade Hands              Tmut           11%        N/A       58%         5
 Borgnjor's Vile Clutch   Necr/Erth      11%        N/A       58%         5
 Fireball                 Conj/Fire      11%        3d7       58%         5
 Iskenderun's Battlesphe  Conj           22%        2d8       58%         5
 Conjure Ball Lightning   Conj/Air       25%        3x3d7     61%         6
 Plasma Beam              Fire/Air       25%        2x1d41    61%         6
 Enfeeble                 Hex            30%        N/A       88%         7
 Death Channel            Necr           11%        N/A       99%         6
 Iron Shot                Conj/Erth      11%        9d3       99%         6
 Starburst                Conj/Fire      11%        6d5       99%         6
 Statue Form              Tmut/Erth      14%        N/A       99%         6
 Dragon Form              Tmut           11%        N/A       100%        7
 Orb of Destruction       Conj           11%        9d6       100%        7
 Ozocubu's Refrigeration  Ice            11%        4d9       100%        7
 Discord                  Hex            30%        N/A       100%        8
 Ignition                 Fire           11%        3d5       100%        8
 Maxwell's Capacitive Co  Air            34%        ∞         100%        8


Dungeon Overview and Level Annotations

Branches:
Dungeon (15/15)            Temple (1/1) D:7            Lair (5/5) D:11
 Shoals (4/4) Lair:3        Snake (4/4) Lair:3        Slime (0/5) Lair:4
    Orc (2/2) D:11            Elf (1/3) Orc:2        Vaults (0/5) D:14
 Depths (0/4) D:15          IceCv (visited)

Shops:
D:3 =   D:7 *   D:9 *=?   Orc:1 *   Orc:2 =:=*:   Elf:1 :   Shoals:2 *
Snake:4 ?

Portals:
Trove: D:13 (give +3 shadow dragon scales)

Annotations:
D:14 1 exclusion
Snake:4 1 exclusion


Innate Abilities, Weirdness & Mutations

You have an increased reservoir of magic. (+10% MP)
You shall have no god before yourself.
Your divine heritage dramatically boosts your attributes as you level up.
You occasionally lose the ability to read scrolls when taking damage.


Message History

Gang up on whom?
Press: ? - help, Dir - move target, f - deep elf sorcerer
Aim: a deep elf sorcerer, wielding a +0 rapier (moderately wounded, fast) Attack!
The deep elf sorcerer hits your four-headed hydra with a +0 rapier.
The deep elf sorcerer hits your four-headed hydra with a +0 rapier!
Your four-headed hydra bites the deep elf sorcerer!
Your four-headed hydra misses the deep elf sorcerer.
Your four-headed hydra bites the deep elf sorcerer.
Your four-headed hydra bites the deep elf sorcerer!
The deep elf sorcerer hits your four-headed hydra with a +0 rapier!
The deep elf pyromancer mumbles some strange words.
The deep elf pyromancer blinks!
Your four-headed hydra barely misses the deep elf sorcerer.
Your four-headed hydra bites the deep elf sorcerer. x2
Your four-headed hydra bites the deep elf sorcerer!
Unknown command.
The deep elf sorcerer hits your four-headed hydra with a +0 rapier!
Your four-headed hydra dies!
Your four-headed hydra's corpse disappears in a puff of smoke!
Unknown command.
Casting: Summon Hydra (dangerous; 1% risk of failure)
Confirm with . or Enter, or press ? or * to list all spells.
An eight-headed hydra appears.
Unknown command.
You swap places.
The deep elf sorcerer gestures at you while chanting.
The bolt of acid hits your eight-headed hydra!!!
The bolt of acid hits you!! The acid corrodes you!
The deep elf sorcerer casts a spell at you.
The bolt of acid hits your eight-headed hydra!!!
The acid corrodes your eight-headed hydra!
Your eight-headed hydra dies!
Your eight-headed hydra's corpse disappears in a puff of smoke!
The bolt of acid hits you!!
You feel threatened and lose the ability to read scrolls!
* * * LOW HITPOINT WARNING * * *
The deep elf sorcerer points at you and mumbles some strange words.
The sphere of damnation explodes!
The damnation engulfs you!!!
You die...

.## #...<.#
e○###.))..####.
#eE.#..)..#.'..
#°###..)..###.∩
#EE.#.....#.+
#e###.....###
#§'.#.....#.+
#.###.....###
#@###.....#
#...#.....#
###.).....#
#########


You could see a deep elf sorcerer (fast), a deep elf archer (repels missiles), a
deep elf pyromancer and 3 fire elementals.

Vanquished Creatures
  A merfolk impaler (Shoals:2)
  Fannar (D:10)
  An ogre mage (D:14)
  2 hydras
  A merfolk aquamancer (Shoals:4)
  3 centaur warriors
  An anaconda (Snake:2)
  A catoblepas (Lair:5)
  2 two-headed ogres
  3 death yaks
  A naga warrior (Snake:2)
  A satyr (Shoals:4)
  An orc high priest (Orc:2)
  2 boulder beetles
  3 shock serpents
  A naga sharpshooter (Snake:4)
  A skeletal warrior (D:12)
  2 salamander mystics (Snake:4)
  8 sea snakes
  12 harpies
  A wizard (D:14)
  A naga ritualist (Snake:2)
  Pikel (D:8)
  An orc sorcerer (Orc:2)
  4 mana vipers
  5 deep elf pyromancers
  A cyclops (D:14)
  3 ugly things (Snake:4)
  A faun (Shoals:1)
  3 salamanders
  4 merfolk sirens
  A water nymph (Shoals:3)
  14 black mambas
  A naga mage (Snake:2)
  A yaktaur (D:14)
  A cane toad (Lair:5)
  2 unseen horrors (D:11)
  A rime drake (Lair:1)
  2 kobold demonologists (D:11)
  A wind drake (Shoals:4)
  A troll (Orc:2)
  2 merfolk
  9 blink frogs
  Grinder (D:4)
  2 nameless horrors
  2 snapping turtles
  8 slime creatures
  A centaur simulacrum (D:15)
  A wraith (D:12)
  A wyvern (Lair:3)
  4 water elementals
  A fire elemental (Snake:1)
  20 yaks
  3 vampire mosquitoes (D:12)
  3 nagas
  6 water moccasins
  A meliai simulacrum (D:14)
  An ice beast (D:6)
  A black bear (Lair:5)
  10 orc warriors
  A sky beast (D:9)
  A great orb of eyes simulacrum (IceCv)
  An ogre (D:15)
  5 centaurs
  3 wolves
  2 phantoms
  4 slime creature simulacra (IceCv)
  A lemure (D:8)
  2 kobold brigands
  7 bullfrogs
  2 scorpions
  A glowing shapeshifter simulacrum (IceCv)
  A wight (D:10)
  2 killer bees (D:9)
  3 electric eels
  A lava snake (Snake:2)
  7 orc priests
  A gnoll bouda (D:8)
  3 hounds
  2 iguanas
  A sleepcap (D:6)
  7 orc wizards
  9 gnolls
  2 adders
  A white imp (D:8)
  A worm (D:2)
  23 orcs
  4 endoplasms
  2 giant cockroaches
  7 goblins
  3 hobgoblins
  5 quokkas
  7 ball pythons
  A bat (D:2)
  A frilled lizard (D:1)
  4 kobolds
  2 rats
  2 bushes
307 creatures vanquished.

Vanquished Creatures (collateral kills)
  Saint Roka (Snake:2)
  Frances (D:12)
  Gastronok (D:9)
  7 nagarajas
  2 azure jellies (IceCv)
  A rockslime (IceCv)
  Aizul (Snake:3)
  5 quicksilver oozes (IceCv)
  Azrael (Snake:1)
  The ghost of Qatined the Cleaver, a journeyman DsBe of Trog (Lair:5)
  A dire elephant (Lair:5)
  An ettin (D:15)
  8 merfolk impalers
  8 merfolk javelineers (Shoals:4)
  2 fire dragons
  An ice dragon (Shoals:2)
  2 salamander tyrants (Snake:4)
  5 merfolk aquamancers
  An ogre mage (D:15)
  4 alligator snapping turtles
  2 centaur warriors (D:13)
  4 anacondas
  7 hydras
  2 catoblepae
  2 satyrs
  6 merfolk avatars
  4 boulder beetles
  A death knight (D:13)
  12 naga warriors
  6 two-headed ogres
  5 death yaks
  2 orc high priests (Orc:2)
  3 shock serpents (Snake:3)
  7 naga sharpshooters
  4 skysharks
  3 salamander mystics
  A sea snake (shapeshifter) (Shoals:2)
  4 skeletal warriors
  3 naga ritualists
  12 sea snakes
  2 orange crystal statues (IceCv)
  4 deep trolls
  A lindwurm (Lair:5)
  5 orc knights (Orc:2)
  A necromancer (D:14)
  A deep elf archer (Elf:1)
  24 harpies
  2 mana vipers
  A phantasmal warrior (D:13)
  3 orc sorcerers
  5 deep elf pyromancers (Elf:1)
  2 deep elf zephyrmancers (Elf:1)
  An oklob plant (Lair:5)
  A wolf spider (D:15)
  4 cyclopes
  16 manticores
  12 fauns
  8 ugly things
  5 nameless horrors
  4 merfolk sirens
  16 salamanders
  5 water nymphs
  9 elephants
  2 guardian serpents (Snake:2)
  7 cane toads
  25 black mambas
  9 naga magi
  Joseph (D:7)
  3 efreet (D:13)
  Maggie (D:7)
  A rime drake (Lair:1)
  6 komodo dragons
  2 yaktaurs (D:14)
  4 tengu conjurers
  3 wind drakes
  4 trolls
  21 merfolk
  3 polar bears
  9 blink frogs
  10 snapping turtles
  4 dream sheep (Shoals:2)
  A centaur simulacrum (D:14)
  27 slime creatures
  2 shadows
  A vampire (D:14)
  2 wraiths (D:13)
  11 water elementals
  4 wyverns
  26 yaks
  5 basilisks
  A redback (D:14)
  2 steam dragons (D:9)
  3 vampire mosquitoes (D:15)
  2 wargs
  43 nagas
  An acid dragon (D:11)
  8 water moccasins
  3 hell hounds (Snake:1)
  2 ice beasts (D:7)
  2 sky beasts
  9 orc warriors
  2 great orb of eyes simulacra (IceCv)
  6 ogres
  A boggart (D:14)
  9 wolves
  6 centaurs
  2 slime creature simulacra (IceCv)
  5 kobold brigands
  3 gnoll sergeants
  A glowing shapeshifter simulacrum (IceCv)
  A scorpion (D:6)
  3 wights (D:10)
  8 killer bees (D:9)
  An electric eel (Snake:2)
  6 lava snakes
  2 hounds
  10 orc priests
  2 sleepcaps
  Crazy Yiuf (D:7)
  3 jellies
  Terence (D:3)
  A hell rat (D:11)
  2 iguanas
  13 orc wizards
  Robin (D:2)
  18 gnolls
  2 adders
  A river rat (D:11)
  49 orcs
  2 bats
  4 endoplasms
  A giant cockroach (D:2)
  9 goblins
  4 hobgoblins (D:2)
  A quokka (D:11)
  3 ball pythons
  19 kobolds
  4 rats
753 creatures vanquished.

Vanquished Creatures (others)
  21 eldritch tentacles
  3 hydras
  A boulder beetle (Lair:3)
  A deep troll shaman (Lair:5)
  5 death yaks
  3 skeletal warriors
  2 wizards (D:15)
  2 cyclopes
  3 elephants (Lair:5)
  A faun (Shoals:2)
  2 cane toads
  A gargoyle (D:10)
  A rime drake (Lair:3)
  A komodo dragon (Lair:1)
  2 blink frogs
  17 yaks
  A naga (Lair:3)
  2 water moccasins
  An orc warrior (Orc:1)
  A sky beast (D:9)
  A wolf (Lair:2)
  A killer bee (D:9)
  An orc priest (Orc:1)
  An orc wizard (Orc:2)
  4 gnolls
  An orc (Orc:1)
  32 fungi
  60 plants
172 creatures vanquished.

Grand Total: 1232 creatures vanquished

Notes
Turn   | Place    | Note
-------+----------+-------------------------------------------
     0 | D:1      | Mesmaeker13 the Demigod Summoner began the quest for the
                  | Orb.
     0 | D:1      | Reached XP level 1. HP: 14/14 MP: 5/5
   377 | D:1      | Reached XP level 2. HP: 20/20 MP: 5/7
   919 | D:2      | Learned a level 2 spell: Call Imp
   959 | D:2      | Reached XP level 3. HP: 26/26 MP: 5/9
  1012 | D:2      | Reached skill level 4 in Summonings
  1163 | D:2      | Noticed Robin
  1196 | D:1      | Learned a level 3 spell: Call Canine Familiar
  1229 | D:2      | Killed Robin
  1635 | D:2      | Reached XP level 4. HP: 33/33 MP: 6/10
  1754 | D:3      | Noticed Terence
  1877 | D:3      | Killed Terence
  2123 | D:3      | Found Qacu's Jewellery Shoppe.
  2343 | D:3      | You fall into a shaft and drop 1 floor!
  2375 | D:4      | Noticed a water moccasin
  2469 | D:4      | Reached XP level 5. HP: 38/38 MP: 12/12
  2575 | D:4      | Killed a water moccasin
  2576 | D:4      | Reached XP level 6. HP: 45/45 MP: 12/14
  2610 | D:3      | Noticed Grinder
  2619 | D:4      | Killed Grinder
  2620 | D:4      | Reached skill level 5 in Summonings
  3000 | D:4      | Reached XP level 7. HP: 30/50 MP: 14/16
  3217 | D:4      | Learned a level 4 spell: Summon Lightning Spire
  3418 | D:5      | Entered Level 5 of the Dungeon
  3737 | D:5      | Reached skill level 1 in Air Magic
  3790 | D:5      | Reached skill level 5 in Dodging
  4043 | D:6      | Reached skill level 6 in Summonings
  4172 | D:6      | Got Pezuloma's Anthology of Vicissitude
  4207 | D:6      | Reached XP level 8. HP: 55/57 MP: 14/18
  4423 | D:6      | Reached skill level 5 in Spellcasting
  5416 | D:7      | Reached skill level 7 in Summonings
  5438 | D:7      | Noticed Maggie
  5448 | D:7      | Killed Maggie
  5449 | D:7      | Reached skill level 1 in Armour
  5449 | D:7      | Reached XP level 9. HP: 62/62 MP: 12/21
  5450 | D:7      | Noticed Joseph
  5657 | D:7      | Found a runed translucent door.
  5658 | D:7      | Noticed Crazy Yiuf
  5672 | D:7      | Killed Crazy Yiuf
  5744 | D:7      | Killed Joseph
  5746 | D:7      | Found a staircase to the Ecumenical Temple.
  5812 | D:7      | Found Adumiji's Serpentskin Sales.
  6243 | D:8      | Noticed Pikel
  6254 | D:8      | Killed Pikel
  6255 | D:8      | Reached skill level 5 in Air Magic
  6447 | D:8      | Reached skill level 8 in Summonings
  7207 | D:9      | Found Vuikkul's One-of-a-Kind Rings.
  7292 | D:9      | Found Jippofomu's Demolitions Depot.
  7322 | D:9      | Reached XP level 10. HP: 69/69 MP: 20/24
  7372 | D:9      | Noticed a two-headed ogre
  7397 | D:9      | Killed a two-headed ogre
  7412 | D:9      | Noticed Gastronok
  7417 | D:9      | Learned a level 3 spell: Summon Guardian Golem
  7457 | D:9      | Killed Gastronok
  7458 | D:9      | Reached skill level 5 in Armour
  8211 | D:9      | Reached skill level 9 in Summonings
  8217 | D:9      | Found Luc Xuse's Magic Scroll Shoppe.
  8600 | D:10     | Entered Level 10 of the Dungeon
  8686 | D:10     | Reached skill level 1 in Hexes
  8877 | D:10     | Reached XP level 11. HP: 74/74 MP: 21/27
  8959 | D:10     | Noticed Fannar
  9472 | D:11     | Noticed a death yak
  9472 | D:11     | Noticed a death yak
  9500 | D:11     | Killed a death yak
  9530 | D:11     | Found a staircase to the Lair.
  9565 | D:11     | Noticed a death yak
  9575 | D:11     | Killed a death yak
  9599 | D:11     | Killed a death yak
  9942 | D:11     | Found a staircase to the Orcish Mines.
 10459 | D:3      | Bought the amulet of Ihitun {rC+ Regen+ Int+3 SInv} for 545
                  | gold pieces
 10599 | Temple   | Entered the Ecumenical Temple
 10716 | D:10     | Killed Fannar
 10907 | Lair:1   | Entered Level 1 of the Lair of Beasts
 10945 | Lair:1   | Reached skill level 10 in Summonings
 11048 | Lair:1   | Reached skill level 1 in Polearms
 11275 | Lair:1   | Reached XP level 12. HP: 81/81 MP: 26/28
 11362 | Lair:1   | Reached skill level 5 in Hexes
 11962 | Lair:2   | Noticed a catoblepas
 12008 | Lair:2   | Killed a catoblepas
 12411 | Lair:2   | Reached skill level 1 in Shields
 12580 | Lair:2   | Noticed a boulder beetle
 12604 | Lair:2   | Killed a boulder beetle
 12855 | Lair:3   | Reached skill level 11 in Summonings
 13016 | Lair:3   | Found a staircase to the Shoals.
 13155 | Lair:3   | Reached skill level 5 in Polearms
 13631 | Lair:3   | Noticed a four-headed hydra
 13646 | Lair:3   | Killed a four-headed hydra
 13647 | Lair:3   | Reached XP level 13. HP: 27/86 MP: 20/29
 13967 | Lair:3   | Found a staircase to the Snake Pit.
 14246 | D:3      | Bought a ring of poison resistance for 200 gold pieces
 14715 | Lair:4   | Reached skill level 5 in Shields
 14923 | Lair:4   | Reached skill level 12 in Summonings
 14946 | Lair:4   | Found a staircase to the Slime Pits.
 15488 | Lair:5   | Entered Level 5 of the Lair of Beasts
 15795 | Lair:5   | Identified the +10 falchion "Jumac" {pain, rN+}
 16462 | Lair:5   | Noticed a dire elephant
 16484 | Lair:5   | Killed a dire elephant
 16533 | Lair:5   | Identified the +10 spear of Huog {heavy, Will+}
 16592 | Lair:5   | Reached skill level 13 in Summonings
 16687 | Lair:5   | Reached XP level 14. HP: 93/93 MP: 28/30
 16933 | Lair:5   | Found a runed translucent gate.
 16934 | Lair:5   | Found a runed translucent gate.
 16934 | Lair:5   | Noticed Qatined's ghost (journeyman DsBe)
 16935 | Lair:5   | Found a runed translucent gate.
 17283 | Lair:1   | Identified a scroll of acquirement
 17285 | Lair:1   | Acquired a Grand Grimoire
 17303 | Lair:1   | Learned a level 7 spell: Malign Gateway
 17365 | Orc:1    | Entered Level 1 of the Orcish Mines
 17396 | Orc:1    | Found Rucuemae's Assorted Antiques.
 17540 | Orc:1    | Bought a scroll of teleportation for 87 gold pieces
 17549 | Orc:2    | Entered Level 2 of the Orcish Mines
 17560 | Orc:2    | Reached skill level 1 in Translocations
 17710 | Orc:2    | Found Giclimam's Jewellery Shoppe.
 18190 | Orc:2    | Found a staircase to the Elven Halls.
 18868 | Orc:2    | Gained mutation: You occasionally lose the ability to read
                  | scrolls when taking damage. [a neqoxec]
 18909 | Orc:2    | Found Naolesuw's Assorted Antiques.
 18909 | Orc:2    | Found Wucuok's Book Boutique.
 18911 | Orc:2    | Found Lulus's Book Shoppe.
 18911 | Orc:2    | Found Norgh's Jewellery Boutique.
 19391 | D:12     | Reached skill level 5 in Translocations
 19624 | D:12     | Noticed Frances
 20808 | D:13     | Found a portal to a secret trove of treasure.
 20835 | D:13     | Reached skill level 14 in Summonings
 21164 | D:14     | Identified the +7 dagger "Vyitt" {freeze, rElec Int+3}
 21456 | Orc:2    | Bought the ring of Wihau {Fly rElec} for 378 gold pieces
 21570 | Snake:1  | Entered Level 1 of the Snake Pit
 21607 | Snake:1  | Noticed Azrael
 21627 | Snake:1  | Killed Azrael
 21781 | Orc:2    | Bought a ring of protection from fire for 350 gold pieces
 23241 | Snake:2  | Learned a level 7 spell: Summon Hydra
 23299 | Snake:2  | Reached XP level 15. HP: 46/99 MP: 20/32
 23371 | Snake:2  | Noticed Saint Roka
 23399 | Snake:2  | Killed Saint Roka
 24640 | Snake:2  | Reached skill level 10 in Translocations
 24845 | Snake:2  | Noticed Aizul
 25553 | Snake:2  | Learned a level 6 spell: Dispersal
 25622 | Snake:3  | Noticed a nagaraja
 25631 | Snake:3  | Killed a nagaraja
 25985 | Snake:3  | Killed Aizul
 26365 | Snake:3  | Reached skill level 15 in Summonings
 26544 | Snake:3  | Identified the +0 chain mail of the Pleiades {rPois rF++
                  | rC+}
 26726 | Snake:4  | Entered Level 4 of the Snake Pit
 26732 | Snake:4  | Noticed a nagaraja
 26739 | Snake:4  | Killed a nagaraja
 27046 | Snake:4  | Found Wykej's Magic Scroll Shop.
 27052 | Snake:4  | Bought a scroll of acquirement for 884 gold pieces
 27053 | Snake:4  | Acquired the +0 buckler of the Bulwark {+Inv Will+ Str-4
                  | Int+3}
 27187 | Snake:4  | Found a frozen archway.
 27251 | IceCv    | Entered an ice cave
 28039 | IceCv    | Reached XP level 16. HP: 56/98 MP: 0/34
 28390 | IceCv    | Reached skill level 10 in Spellcasting
 28792 | IceCv    | Identified the +8 ice dragon scales of Rakeheng {Rampage
                  | rF- rC++ Int+4 Dex-4 SInv}
 29419 | Snake:4  | Bought a scroll of identify for 34 gold pieces
 30908 | Snake:4  | Got a serpentine rune of Zot
 31302 | D:12     | Killed Frances
 32005 | D:14     | Reached skill level 16 in Summonings
 32072 | D:14     | Found a gate to the Vaults.
 32326 | D:14     | Found the +15 Maxwell's patent armour {-Cast -Tele rElec
                  | Will+ rCorr}
 32332 | D:14     | Identified the +1 chain mail of the Miller {Rampage rC+
                  | Slay+3}
 32340 | D:14     | Got the Codex of Inhalation
 32583 | D:15     | Entered Level 15 of the Dungeon
 33358 | D:15     | Found a staircase to the Depths.
 33439 | D:15     | Reached XP level 17. HP: 101/110 MP: 24/37
 33447 | D:15     | Reached skill level 1 in Fighting
 33567 | D:15     | Acquired 883 gold pieces
 33762 | Shoals:1 | Entered Level 1 of the Shoals
 35182 | Shoals:1 | HP: 5/119 [poisoned by a sea snake]
 35711 | Shoals:2 | Reached skill level 15 in Translocations
 35764 | Shoals:2 | Identified the +0 animal skin of Serendipity {rN+ Will+
                  | Slay-5 SInv}
 36144 | Shoals:2 | Found Piongaes's Assorted Antiques.
 36958 | Shoals:4 | Entered Level 4 of the Shoals
 37094 | Shoals:4 | Reached skill level 5 in Fighting
 37309 | Shoals:4 | Reached skill level 17 in Summonings
 37818 | Shoals:4 | Reached XP level 18. HP: 135/135 MP: 26/39
 38162 | Shoals:4 | Got a barnacled rune of Zot
 38350 | Shoals:4 | Identified the +6 broad axe of Fullit {flame, rC+ Dex+3}
 39217 | Lair:5   | Killed Qatined's ghost
 39246 | Lair:5   | Identified the ring of Raoce Ban {rElec rC++ rN+ Str+3
                  | Dex-2}
 39432 | Elf:1    | Entered Level 1 of the Elven Halls
 39444 | Elf:1    | Found Igul Yfor's Book Emporium.
 39514 | Elf:1    | Killed from afar by a deep elf sorcerer

Illustrated notes

Levels and vault maps discovered:
D:1:      evilmike_arrival_fibonacci_small, layout_loops_ring,
          corexii_leaking_fountain
D:2:      layout_rooms, minivault_5, uniq_robin
D:3:      layout_basic, serial_shops, nicolae_shop_back_alley_shop,
          uniq_terence, uniq_grinder
D:4:      layout_gridville
D:5:      layout_cave_pools, nicolae_overflow_hallway_of_the_gods
D:6:      layout_basic, okawaru_altar_gauntlet_db
D:7:      layout_loops_ring, minmay_temple_entry_waves, guppyfry_shop_venom,
          uniq_maggie, uniq_joseph, uniq_crazy_yiuf_cottage
D:8:      layout_basic, minmay_misc_feat_diagonals, uniq_pikel
D:9:      layout_grid_maze, serial_shops, shop, hangedman_abyss_or_decor_passed,
          nicolae_shop_unique_rings, nicolae_blasting_shop, nrook_pool_corridor,
          kennysheep_cross_room, st_stairs_5, hangedman_decor_points,
          dreamdust_princess_bridge, hangedman_glass_teeth,
          minmay_misc_feat_cross, hangedman_misty_isle, uniq_gastronok
D:10:     layout_small_grid, mainiacjoe_overflow_small_starburst, uniq_fannar
D:11:     layout_roguey, dpeg_lair_monsters, hiddenorc1_lemuel
D:12:     layout_cross, grunt_ministairs_15, kb_lookout_dungeons_type,
          minmay_misc_feat_encased, uniq_frances
D:13:     layout_rooms, nicolae_trove_entry_crossroad, lemuel_flamethrower_3
D:14:     minmay_the_grid_octo_triangle [minmay_the_grid_octo_odd_swirl,
          minmay_the_grid_octo_prize_star, minmay_the_grid_octo_empty],
          layout_rooms, david_vaults_4, chequers_serial_rivers_micro_d,
          minmay_liquid_box, grunt_decor_cap
D:15:     hangedman_depths_entry_civil_slaughter, layout_basic,
          nicolae_tso_swordbearing_angel
Temple:   nicolae_temple_god_jail
Lair:1:   layout_big_grid, grunt_megastairs_1
Lair:2:   layout_loops_ring, grunt_megastairs_5, serial_bayou_shore_a
Lair:3:   layout_hall_layers, shoals_dummy_entry, nicolae_snake_entry_squirm,
          hangedman_lair_generics_rect
Lair:4:   layout_concentric_octagons, dpeg_slime_entry_enclosed
Lair:5:   grunt_lair_end_beastmaster, layout_gridlike,
          gammafunk_ghost_hydra_chop
Shoals:1: layout_shoals
Shoals:2: argonaut_golden_fleece, layout_shoals, serial_shops,
          nicolae_shop_peninsula
Shoals:3: layout_shoals
Shoals:4: shoals_end_simple, layout_shoals, nicolae_shoals_pincushion_passage
Snake:1:  layout_grid_maze, uniq_azrael
Snake:2:  layout_basic, serial_curves, eino_curves_04, eino_curves_02,
          uniq_aizul, uniq_saint_roka
Snake:3:  layout_grid_maze, serial_bayou_pond_a
Snake:4:  minmay_snake_end_coiled, layout_basic, serial_shops,
          nicolae_shop_temple_entry_statues_fountains,
          portal_ice_cave_entry_ugly_swarm, st_stairs_3, serial_bayou_shore_b
Orc:1:    layout_caves, serial_shops, nicolae_shop_statue_plus
Orc:2:    grunt_orc_tribal_feast, layout_caves, serial_shops, shop
Elf:1:    minmay_elf_arrival_summoners, layout_geoelf_grid, serial_shops, shop,
          minmay_elf_necromancy

Skill      XL: |  1  2  3  4  5  6  7  8  9 10 11 12 13 14 15 16 17 18 |
---------------+-------------------------------------------------------+-----
Dodging        | 2 3 4 5 6 |  6.1
Spellcasting   | 2 3 4 5 6 7 8 9 11 12 | 12.8
Summonings     | 4 5 6 7 8 9 10 11 13 14 15 16 17 | 17.5
Air Magic      | 2 4 5 6 8 |  8.0
Armour         | 1 4 5 7 8 |  8.7
Hexes          | 1 4 6 |  6.0
Polearms       | 2 5 8 |  8.6
Shields        | 4 7 |  7.6
Translocations | 8 11 14 15 | 15.0
Fighting       | 6 7 |  7.0
Stealth        | |  1.7

Action                     |  1- 3 |  4- 6 |  7- 9 | 10-12 | 13-15 | 16-18 || total
---------------------------+-------+-------+-------+-------+-------+-------++-------
  Melee: Trident           |    70 |     9 |       |       |       |       ||    79
         Unarmed           |     3 |       |       |       |       |       ||     3
         Punch             |     2 |       |     2 |     9 |       |       ||    13
         Short sword       |       |    37 |   102 |       |       |       ||   139
         Mace              |       |       |    22 |       |       |       ||    22
         Spear             |       |       |    17 |   421 |   805 |   592 ||  1835
   Cast: Summon Small Mamm |    21 |       |     1 |       |       |       ||    22
         Call Imp          |     9 |     4 |     6 |       |       |       ||    19
         Call Canine Famil |     2 |     7 |    28 |    11 |    32 |     3 ||    83
         Summon Lightning  |       |       |    22 |    71 |   204 |   154 ||   451
         Summon Guardian G |       |       |       |    29 |    55 |     1 ||    85
         Summon Hydra      |       |       |       |       |    35 |   117 ||   152
         Malign Gateway    |       |       |       |       |       |    21 ||    21
         Dispersal         |       |       |       |       |       |    12 ||    12
  Evoke: Wand              |       |    13 |    24 |    16 |    31 |     2 ||    86
         Box of beasts     |       |       |       |       |     1 |     1 ||     2
    Use: Scroll            |       |     6 |     6 |     7 |    10 |    11 ||    40
         Potion            |       |     1 |     1 |       |     9 |    11 ||    22
   Stab: Sleeping          |     3 |     3 |     1 |     2 |     1 |       ||    10
         Distracted        |     1 |       |     7 |     5 |    33 |    25 ||    71
         Petrified         |       |       |       |     2 |       |       ||     2
 Armour: Robe              |    13 |    17 |    32 |       |       |       ||    62
         Acid dragon scale |       |       |    25 |   180 |   289 |       ||   494
         Skin              |       |       |       |       |     8 |     2 ||    10
         Leather armour    |       |       |       |       |     5 |   279 ||   284
  Dodge: Dodged            |    45 |    35 |   126 |   293 |   452 |   744 ||  1695
         Repelled          |       |       |       |       |     9 |    14 ||    23
  Block: Buckler           |       |       |       |       |   238 |   237 ||   475
